Map: The Vermillion Problem

Players

Alebay

  • Race: Protoss Protoss
  • Spawn Location: 11:00

MattBarry

  • Race: Zerg Zerg

VOD

Have the link to the VOD?

Description

Time

  • Played on: Dec. 26, 2022, 1:10 a.m.
  • Length: 29:25
Show
View Real Time Build Order
Export as new Build Order

Alebay Protoss 

Build Orders:  

Get SALT Encoding   

  12  0:02  Probe (Chrono Boost)  
  13  0:16  Probe (Chrono Boost)  
  14  0:28  Pylon  
  14  0:30  Probe (Chrono Boost)  
  15  0:46  Assimilator  
  15  0:53  Probe (Chrono Boost)  
  16  1:06  Probe (Chrono Boost)  
  17  1:20  Probe (Chrono Boost)  
  17  1:27  Forge  
  18  1:34  Probe (Chrono Boost)  
  18  1:39  Assimilator  
  19  1:45  Pylon  
  19  1:48  Probe (Chrono Boost)  
  20  2:04  Probe (Chrono Boost)  
  21  2:15  Pylon  
  21  2:17  Gateway  
  21  2:18  Probe (Chrono Boost)  
  22  2:32  Probe (Chrono Boost)  
  23  2:53  Probe (Chrono Boost)  
  24  3:00  Gateway  
  24  3:07  Probe (Chrono Boost)  
  24  3:08  Pylon  
  25  3:17  Protoss Ground Weapons Level 1  
  25  3:21  Probe (Chrono Boost)  
  26  3:34  Probe (Chrono Boost)  
  27  3:40  Zealot  
  27  3:42  Cybernetics Core  
  29  3:58  Zealot  
  31  4:19  Zealot  
  33  4:23  Zealot  
  35  4:38  Twilight Council  
  35  4:45  Stargate  
  35  4:48  Robotics Facility  
  35  5:10  Zealot x2  
  35  5:12  Zealot  
  41  5:55  Gateway  
  41  5:57  Gateway, Protoss Ground Armor Level 1  
  41  6:25  Immortal  
  45  7:22  Dragoon  
  45  7:29  Pylon  
  47  7:31  Pylon  
  47  7:34  Pylon  
  47  7:37  Pylon  
  47  7:40  Pylon  
  47  7:44  Pylon  
  47  7:54  Immortal  
  51  8:49  Robotics Bay  
  51  8:53  Robotics Facility  
  51  8:55  Robotics Facility  
  51  9:30  Charge  
  51  9:47  Immortal  
  55  10:15  Immortal  
  59  10:30  Singularity Charge  
  59  10:57  Immortal  
  63  12:23  Nexus  
  62  12:51  Assimilator  
  62  12:56  Assimilator  
  61  13:00  Immortal x2  
  61  13:01  Immortal  
  73  13:55  Immortal x2  
  73  13:56  Pylon  
  73  13:59  Pylon  
  81  14:03  Pylon, Probe (Chrono Boost)  
  81  14:07  Pylon  
  82  14:17  Probe (Chrono Boost)  
  83  14:30  Probe (Chrono Boost)  
  84  14:44  Probe (Chrono Boost)  
  84  14:46  Dragoon  
  84  14:47  Dragoon x5  
  84  14:48  Dragoon x3  
  101  14:58  Probe (Chrono Boost)  
  100  15:23  Dragoon x3  
  100  15:28  Probe (Chrono Boost)  
  107  15:39  Assimilator  
  107  15:42  Assimilator, Probe (Chrono Boost)  
  108  15:55  Probe (Chrono Boost)  
  105  16:09  Probe (Chrono Boost)  
  104  16:23  Probe (Chrono Boost)  
  105  16:37  Probe (Chrono Boost)  
  106  16:49  Nexus  
  106  16:51  Probe (Chrono Boost)  
  106  16:56  Immortal x3  
  119  17:05  Probe (Chrono Boost)  
  120  17:19  Probe (Chrono Boost)  
  121  17:33  Probe (Chrono Boost)  
  122  17:46  Probe (Chrono Boost)  
  123  18:00  Probe (Chrono Boost)  
  123  18:04  Protoss Ground Weapons Level 2  
  123  18:06  Protoss Air Weapons Level 1  
  118  18:37  Dragoon  
  118  18:38  Dragoon x4  
  118  18:39  Dragoon  
  130  19:10  Assimilator  
  130  19:24  Probe (Chrono Boost)  
  131  19:32  Probe (Chrono Boost)  
  131  19:38  Probe (Chrono Boost)  
  133  19:46  Probe (Chrono Boost)  
  134  19:52  Probe (Chrono Boost)  
  135  20:00  Probe (Chrono Boost)  
  135  20:02  Assimilator  
  135  20:05  Probe (Chrono Boost)  
  137  20:14  Probe (Chrono Boost)  
  137  20:19  Probe (Chrono Boost)  
  138  20:27  Immortal x2, Probe (Chrono Boost)  
  148  20:33  Probe (Chrono Boost)  
  148  20:35  Improved Barrier  
  149  20:46  Protoss Air Armor Level 1  
  149  20:47  Pylon  
  149  20:51  Pylon  
  149  20:54  Pylon  
  149  20:58  Pylon  
  149  21:02  Pylon  
  149  21:07  Pylon  
  149  21:11  Pylon  
  149  21:12  Immortal, Probe x2 (Chrono Boost)  
  149  21:14  Protoss Ground Armor Level 2  
  155  21:22  Immortal x2  
  155  21:25  Probe (Chrono Boost)  
  162  21:39  Probe (Chrono Boost)  
  162  21:48  Gravitic Boosters  
  161  23:26  Protoss Air Weapons Level 2  
  161  23:28  Dragoon x3  
  161  23:29  Dragoon x2  
  171  23:53  Probe (Chrono Boost)  
  172  24:07  Probe (Chrono Boost)  
  173  24:21  Probe (Chrono Boost)  
  173  24:24  Protoss Ground Weapons Level 3  
  173  24:25  Probe (Chrono Boost)  
  173  24:29  Probe (Chrono Boost)  
  175  24:35  Probe (Chrono Boost)  
  175  24:39  Probe (Chrono Boost)  
  177  24:43  Probe (Chrono Boost)  
  177  24:49  Probe (Chrono Boost)  
  180  24:53  Probe (Chrono Boost)  
  180  24:57  Probe (Chrono Boost)  
  182  25:03  Probe (Chrono Boost)  
  182  25:07  Probe (Chrono Boost)  
  184  25:16  Probe (Chrono Boost)  
  185  25:21  Probe (Chrono Boost)  
  170  29:06  Dragoon  
  170  29:07  Dragoon x3  
Show
View Real Time Build Order
Export as new Build Order

MattBarry Zerg 

Build Orders:  

Get SALT Encoding   

  18  0:03  Primal Drone  
  19  0:11  Primal Drone  
  19  0:19  Primal Drone  
  21  0:25  Primal Drone  
  22  0:36  Primal Drone  
  23  0:52  Primal Drone  
  23  0:54  Extractor  
  24  1:13  Primal Drone  
  25  1:24  Primal Warden  
  25  1:29  Primal Drone  
  27  1:41  Primal Drone  
  28  2:03  Primal Drone  
  29  2:19  Primal Drone  
  30  2:31  Glevig's Den  
  30  2:34  Primal Zergling  
  30  2:39  Primal Drone  
  31  2:49  Primal Drone  
  32  3:24  Primal Drone  
  32  3:25  Primal Drone  
  34  3:36  Primal Drone  
  35  3:52  Primal Warden  
  36  4:01  Primal Warden  
  36  4:14  Murvar's Den  
  35  4:22  Primal Drone  
  36  4:39  Extractor  
  41  4:40  Primal Hive  
  41  5:35  Primal Wurm  
  42  5:44  Primal Wurm  
  43  5:51  Primal Drone x3  
  43  5:52  Primal Drone x2  
  48  6:17  Primal Drone  
  49  6:57  Glial Reconstitution  
  49  7:01  Primal Drone  
  50  7:32  Primal Drone x2  
  50  7:33  Primal Drone x3  
  55  7:44  Primal Roach  
  55  7:45  Primal Roach x14  
  55  7:49  Primal Attacks Level 1  
  85  7:55  Primal Carapace Level 1  
  83  9:21  Primal Igniter  
  83  9:22  Primal Igniter x5  
  83  9:23  Primal Igniter  
  76  9:55  Dakrun's Den  
  75  10:01  Enlarged Parotid Glands  
  75  10:27  Primal Wurm  
  76  11:18  Primal Warden  
  79  11:21  Primal Warden  
  79  11:26  Primal Warden  
  79  11:51  Primal Roach x6  
  79  11:52  Primal Roach x9  
  109  12:34  Primal Drone  
  109  12:35  Primal Drone x4  
  109  12:37  Primal Attacks Level 2  
  113  13:57  Primal Warden x2  
  116  14:02  Primal Warden  
  116  15:08  Muscular Augments  
  116  15:30  Primal Igniter  
  116  15:31  Primal Igniter x5  
  116  15:32  Primal Igniter  
  116  15:33  Primal Igniter  
  108  15:47  Primal Carapace Level 2  
  108  17:49  Primal Drone x4  
  112  17:50  Primal Drone  
  113  18:14  Primal Hive  
  118  18:25  Primal Drone x2  
  120  18:44  Primal Hydralisk  
  120  18:45  Primal Hydralisk x14  
  120  18:46  Primal Hydralisk x9  
  166  18:57  Primal Attacks Level 3  
  166  19:56  Extractor  
  166  19:58  Primal Drone x2  
  166  19:59  Primal Drone  
  169  20:39  Primal Drone x2  
  172  21:00  Primal Wurm  
  172  21:03  Primal Wurm  
  172  21:07  Primal Wurm  
  174  21:17  Primal Wurm  
  174  21:18  Primal Wurm  
  174  21:19  Primal Wurm, Primal Drone x3  
  180  21:25  Primal Wurm  
  181  22:04  Brutal Charge  
  179  22:13  Primal Drone x3  
  176  23:52  Primal Carapace Level 3  
  176  24:07  Primal Wurm  
  177  24:15  Primal Drone x3  
  179  24:56  Primal Drone x4  
  183  25:09  Primal Wurm  
  185  25:23  Primal Wurm  
  185  25:32  Primal Wurm  
  185  25:35  Primal Wurm  
  187  25:50  Primal Warden  
  187  26:16  Primal Drone x2  
  187  26:17  Primal Drone x2  
  187  26:18  Primal Drone  
  192  27:44  Primal Warden  
  192  27:56  Primal Warden  
  192  27:59  Primal Warden  
  197  28:05  Primal Warden x2  
  197  28:08  Primal Warden  
Tags
 
Add a new tag
Caveats
  • Supply blocks, unpowered buildings, or Contaminate may cause inaccurate times.
  • Supply counts are checked every 10 seconds.